[ PARTIDA AOE2 · #469333633 ]
UnrankedTupíes vs Khmer
[ ANÁLISIS DE REPETICIÓN · EXTRAÍDO DE LA PARTIDA GRABADA ]
Feudal
—
Castillos
—
Imperial
—
| APM promedio | 57.2 |
| APM pico | 74 |
| eAPM promedio | 11.3 |
| Aldeanos / militares | 8 / 0 |
Foco
⚔️ 32.0% · 🌾 68.0%
Feudal
—
Castillos
—
Imperial
—
| APM promedio | 11.3 |
| APM pico | 21 |
| eAPM promedio | 6.8 |
| Aldeanos / militares | 4 / 0 |
Foco
⚔️ 0.0% · 🌾 100.0%
Feudal
—
Castillos
—
Imperial
—
| APM promedio | 57.2 |
| APM pico | 83 |
| eAPM promedio | 18.4 |
| Aldeanos / militares | 7 / 0 |
Foco
⚔️ 22.7% · 🌾 77.3%
Feudal
—
Castillos
—
Imperial
—
| APM promedio | 57.9 |
| APM pico | 77 |
| eAPM promedio | 16.5 |
| Aldeanos / militares | 10 / 0 |
Foco
⚔️ 30.8% · 🌾 69.2%
Feudal
—
Castillos
—
Imperial
—
| APM promedio | 48.1 |
| APM pico | 53 |
| eAPM promedio | 17.3 |
| Aldeanos / militares | 9 / 0 |
Foco
⚔️ 40.5% · 🌾 59.5%
Feudal
—
Castillos
—
Imperial
—
| APM promedio | 75.6 |
| APM pico | 87 |
| eAPM promedio | 18.4 |
| Aldeanos / militares | 9 / 0 |
Foco
⚔️ 0.0% · 🌾 100.0%
Feudal
—
Castillos
—
Imperial
—
| APM promedio | 59.0 |
| APM pico | 83 |
| eAPM promedio | 16.2 |
| Aldeanos / militares | 7 / 0 |
Foco
⚔️ 12.8% · 🌾 87.2%
Feudal
—
Castillos
—
Imperial
—
| APM promedio | 57.2 |
| APM pico | 71 |
| eAPM promedio | 17.3 |
| Aldeanos / militares | 10 / 0 |
Foco
⚔️ 52.2% · 🌾 47.8%
Mapa de la partida
Recursos iniciales + cada clic de construcción. Líneas = muros · curvas = relieve. ◆ oro · ⬟ piedra · ● bayas · ✦ reliquia · ◌ hueco del cierre
Tu base
Base de German3333
Base de Sebasky
Base de yclin124
Base de DSLG | Genghis Khan!!!
Base de DOTA只玩陈
Base de samuellco
Base de The Sage
Terreno inicial suavizado · ◌ = hueco del cierre detectado · pasá el cursor para detalles
Inputs por minuto
— EatEaty - - German3333
Build order — EatEaty
8 acciones detectadas en el replay
| 0:02 | Construir | House |
| 0:06 | Crear | Villager (Male) |
| 0:07 | Crear | Villager (Male) ×3 |
| 1:16 | Crear | Villager (Male) |
| 1:30 | Construir | Settlement |
| 1:31 | Crear | Villager (Male) |
| 2:13 | Crear | Villager (Male) |
| 2:31 | Crear | Villager (Male) |
Build order — German3333
3 acciones detectadas en el replay
| 0:01 | Crear | Villager (Male) ×4 |
| 0:04 | Construir | House |
| 0:05 | Construir | House |
Build order — Sebasky
10 acciones detectadas en el replay
| 0:01 | Crear | Villager (Male) |
| 0:01 | Crear | Villager (Male) |
| 0:02 | Construir | House |
| 0:03 | Construir | House |
| 0:16 | Crear | Villager (Male) |
| 0:16 | Crear | Villager (Male) |
| 0:17 | Crear | Villager (Male) |
| 1:21 | Crear | Villager (Male) |
| 1:58 | Construir | Lumber Camp |
| 2:08 | Crear | Villager (Male) |
Build order — yclin124
13 acciones detectadas en el replay
| 0:01 | Crear | Villager (Male) |
| 0:01 | Crear | Villager (Male) |
| 0:01 | Crear | Villager (Male) |
| 0:03 | Construir | House |
| 0:05 | Construir | House |
| 0:31 | Crear | Villager (Male) |
| 1:35 | Crear | Villager (Male) |
| 1:36 | Crear | Villager (Male) |
| 2:13 | Crear | Villager (Male) |
| 2:13 | Crear | Villager (Male) |
| 2:15 | Construir | Lumber Camp |
| 2:22 | Crear | Villager (Male) |
| 2:23 | Crear | Villager (Male) |
Build order — DSLG | Genghis Khan!!!
11 acciones detectadas en el replay
| 0:02 | Crear | Villager (Male) |
| 0:02 | Crear | Villager (Male) |
| 0:03 | Crear | Villager (Male) |
| 0:04 | Construir | House |
| 0:07 | Construir | House |
| 0:12 | Crear | Villager (Male) |
| 0:12 | Crear | Villager (Male) |
| 1:25 | Crear | Villager (Male) |
| 1:25 | Crear | Villager (Male) |
| 1:56 | Crear | Villager (Male) |
| 2:00 | Crear | Villager (Male) |
Build order — DOTA只玩陈
13 acciones detectadas en el replay
| 0:02 | Investigar | Loom |
| 0:02 | Investigar | Loom |
| 0:03 | Crear | Villager (Male) |
| 0:04 | Construir | House |
| 0:07 | Construir | House |
| 0:24 | Crear | Villager (Male) |
| 0:24 | Crear | Villager (Male) |
| 0:51 | Crear | Villager (Male) |
| 0:51 | Crear | Villager (Male) |
| 1:58 | Crear | Villager (Male) |
| 1:59 | Crear | Villager (Male) |
| 2:39 | Crear | Villager (Male) |
| 2:39 | Crear | Villager (Male) |
Build order — samuellco
9 acciones detectadas en el replay
| 0:01 | Crear | Villager (Male) |
| 0:01 | Crear | Villager (Male) |
| 0:02 | Crear | Villager (Male) |
| 0:03 | Construir | House |
| 0:04 | Construir | House |
| 0:12 | Crear | Villager (Male) |
| 0:18 | Crear | Villager (Male) |
| 1:07 | Crear | Villager (Male) |
| 1:58 | Crear | Villager (Male) |
Build order — The Sage
13 acciones detectadas en el replay
| 0:01 | Crear | Villager (Male) |
| 0:01 | Crear | Villager (Male) |
| 0:02 | Construir | House |
| 0:03 | Construir | House |
| 0:25 | Crear | Villager (Male) |
| 0:26 | Crear | Villager (Male) |
| 1:26 | Crear | Villager (Male) |
| 1:26 | Crear | Villager (Male) |
| 1:44 | Construir | House |
| 1:53 | Crear | Villager (Male) |
| 2:25 | Crear | Villager (Male) |
| 2:25 | Crear | Villager (Male) |
| 2:25 | Crear | Villager (Male) |
Cronología de la partida
| 2:00 | German3333 · resign |
[ ANÁLISIS IA · 1 CRÉDITO ]
¿Qué pasó realmente en esta partida?
Wolo.gg analiza cada decisión: build order, eco, micro, errores típicos por bracket. Análisis personalizado por WhatsApp o Discord en 30 segundos.
Guía civ
Tupíes
Perfil
Jugador #378753